 Dungeon Crawl Stone Soup version 0.22.1-2-g9c5b331383 (webtiles) character file.

57789 Ponchio the Warrior (level 14, -1/100 HPs)
             Began as a Gargoyle Fighter on Dec 9, 2018.
             Was a High Priest of the Shining One.
             Slain by a shock serpent (4 damage)
             ... on level 1 of the Snake Pit.
             The game lasted 01:58:37 (21331 turns).

Ponchio the Warrior (Gargoyle Fighter)             Turns: 21331, Time: 01:58:44

Health: -1/100     AC: 27    Str: 20    XL:     14   Next: 87%
Magic:  0/25       EV: 15    Int: 10    God:    the Shining One [*****.]
Gold:   1523       SH: 11    Dex: 13    Spells: 13/13 levels left

rFire    . . .     SeeInvis .   G - +7 Screaming Sword
rCold    . . .     Gourm    .   c - +0 shield
rNeg     + + +     Faith    .   q - +0 ring mail
rPois    ∞         Spirit   +   r - +1 helmet
rElec    +         Reflect  .   l - +2 cloak
rCorr    .         Harm     .   e - +1 pair of gloves
MR       +....                  C - +0 pair of boots
Stlth    +.........             H - amulet of guardian spirit
HPRegen  0.26/turn              A - ring of magical power
MPRegen  0.19/turn              E - ring of wizardry

@: flying, very slightly contaminated, glowing
A: big wings, negative energy resistance 1, electricity resistance, unbreathing,
petrification resistance, rot immunity, AC +10
a: Stop Flying, Divine Shield, Cleansing Flame, Summon Divine Warrior, Renounce
Religion


You were on level 1 of the Snake Pit.
You worshipped the Shining One.
The Shining One was extremely pleased with you.
You were not hungry.

You visited 6 branches of the dungeon, and saw 18 of its levels.
You also visited: Ossuary.

You collected 1523 gold pieces.

Inventory:

Hand Weapons
 a - a +1 flail
 G - the +7 Screaming Sword (weapon)
   (You found it on level 6 of the Lair of Beasts)
 K - the +0 spear "Murmur" {venom, *Drain rPois rC+ SInv}
   (You found it on level 6 of the Lair of Beasts)

   It poisons the flesh of those it strikes.
   It protects you from cold.
   It protects you from poison.
   It lets you see invisible.
   It causes draining when unequipped.
 L - the +1 long sword "Qupyiwn" {holy, rElec rC+ Int+2 Dex+3}
   (You found it on level 6 of the Lair of Beasts)

   It has been blessed by the Shining One to cause great damage to the undead
   and demons.
   It affects your intelligence (+2).
   It affects your dexterity (+3).
   It protects you from cold.
   It insulates you from electricity.
Armour
 c - a +0 shield (worn)
 e - a +1 pair of gloves (worn)
 l - a +2 cloak (worn)
 q - a +0 ring mail (worn)
 r - a +1 helmet (worn)
 C - a +0 pair of boots (worn)
Jewellery
 w - an uncursed ring of flight
 y - an uncursed amulet of the acrobat
 A - a ring of magical power (left hand)
 E - a ring of wizardry (right hand)
 H - an amulet of guardian spirit (around neck)
Wands
 j - a wand of paralysis (20)
 m - a wand of enslavement (20)
 D - a wand of acid (16)
 I - a wand of polymorph (5)
Scrolls
 g - a scroll of summoning {unknown}
 h - 3 scrolls of remove curse
 k - 7 scrolls of identify
 n - a scroll of enchant weapon
 t - 8 scrolls of teleportation
 u - a scroll of magic mapping
 v - 2 scrolls of amnesia
 x - a scroll of fog
 J - a scroll of fear {unknown}
Potions
 d - 4 potions of might
 i - 7 potions of curing
 o - 2 potions of invisibility
 p - 3 potions of flight
 s - 2 potions of lignification
 z - 2 potions of magic
 B - 3 potions of resistance
 F - a potion of mutation
 M - a potion of ambrosia
Comestibles
 f - 12 rations


   Skills:
 + Level 16.0 Fighting
 + Level 3.0 Long Blades
 - Level 14.0 Maces & Flails
 + Level 8.8 Armour
 * Level 9.0 Dodging
 + Level 8.7 Shields
 - Level 3.0 Invocations


You had 13 spell levels left.
You didn't know any spells.
Your spell library contained the following spells:

 Spells                   Type           Power        Failure   Level  Hunger
 Corona                   Hex            #......      45%         1    ##.....
 Flame Tongue             Conj/Fire      #....        45%         1    ##.....
 Slow                     Hex            #.......     58%         2    ###....
 Throw Flame              Conj/Fire      #.....       58%         2    ###....
 Conjure Flame            Conj/Fire      #.......     80%         3    ####...
 Inner Flame              Hex/Fire       #.......     80%         3    ####...
 Portal Projectile        Hex/Tloc       #.....       80%         3    ####...
 Static Discharge         Conj/Air       #.......     80%         3    ####...
 Cause Fear               Hex            #.........   99%         4    #####..
 Leda's Liquefaction      Hex/Erth       #.........   99%         4    #####..
 Sticky Flame             Conj/Fire      #.......     99%         4    #####..
 Fireball                 Conj/Fire      #.........   100%        5    ######.
 Lightning Bolt           Conj/Air       #.........   100%        5    ######.
 Ignition                 Fire           #.........   100%        8    #######
 Shatter                  Erth           #.........   100%        9    #######
 Tornado                  Air            #.........   100%        9    #######


Dungeon Overview and Level Annotations

Branches:
Dungeon (8/15)             Temple (1/1) D:5            Lair (6/6) D:8
 Shoals (1/4) Lair:3        Snake (1/4) Lair:4        Slime (1/5) Lair:5

Altars:
Ashenzari
Cheibriados
Dithmenos
Elyvilon
Fedhas
Gozag
Hepliaklqana
Kikubaaqudgha
Makhleb
Nemelex Xobeh
Okawaru
Qazlal
Ru
Sif Muna
Trog
Uskayaw
Vehumet
Wu Jian
Xom
Yredelemnul
Zin
The Shining One

Shops:
D:4 *   D:6 *   D:7 ?

Annotations:
Lair:1 exclusion: oklob plant


Innate Abilities, Weirdness & Mutations

You are resistant to torment.
Your stone body is resilient. (AC +10)
You are immune to poison.
Your large and strong wings let you fly indefinitely.
You resist negative energy. (rN+)
You are resistant to electric shocks. (rElec)
You can survive without breathing.
You are immune to petrification.
You are immune to rotting.


Message History

You block the salamander's attack.
The Screaming Sword roars like a enraged frog.
The mana viper, the shock serpent and the salamanders are hurt by the noise.
The shock serpent shoots out a bolt of lightning at you!
The bolt of electricity hits you! You resist.
* * * LOW HITPOINT WARNING * * *
You block the salamander's attack. x2
Things that are here:
a mace; 2 arrows The salamander hits you but does no damage.
There is a staircase back to the Lair here.
You see here 28 arrows.
The salamander hits you from afar with a halberd.
* * * LOW HITPOINT WARNING * * *
You are engulfed in flames!
* * * LOW HITPOINT WARNING * * *
You block the salamander's attack. The shock serpent bites you.
* * * LOW HITPOINT WARNING * * *
The shock serpent shocks you. You resist.
You die...

#. #..#.. #.# #...S
##.##....## #.# #.##S
#.........####.# ##.##.
.............#.#####..#..
..........##......##.##S.
.......[)#####..#...[##..
.......#.............##..
...###.)))N........N....#
. ###@SS......##.....#
#()N.†....###.....
#.........# #....#
#.........# #....#
#...).....# ######
#.........# ###########


You could see 2 salamanders, a shock serpent and a mana viper.

Vanquished Creatures
  3 hydras
  A naga warrior (Snake:1)
  A catoblepas (Lair:5)
  A merfolk avatar (Lair:6)
  2 anacondas
  10 death yaks (Lair:5)
  A shock serpent (Lair:4)
  A naga sharpshooter (Snake:1)
  2 sea snakes
  A naga ritualist (Lair:4)
  2 mana vipers
  2 salamanders (Lair:4)
  17 elephants
  A merfolk siren (Lair:3)
  A guardian serpent (Snake:1)
  16 black mambas
  5 naga magi
  18 spiny frogs
  8 komodo dragons
  7 rime drakes
  A hornet (Lair:6)
  2 wind drakes (Lair:6)
  6 polar bears (Lair:6)
  Grinder (D:6)
  5 dream sheep
  8 hippogriffs
  17 blink frogs
  19 yaks
  A steam dragon (Lair:5)
  5 basilisks
  9 nagas
  13 water moccasins
  6 porcupines
  An ice beast (D:7)
  2 orc warriors (D:6)
  2 phantoms
  2 black bears
  6 wolves (Lair:2)
  An ogre (D:7)
  5 centaurs
  3 crocodiles
  2 elf zombies (Ossuary)
  18 bullfrogs
  5 scorpions
  5 killer bees (D:8)
  5 howler monkeys
  A centaur zombie (Ossuary)
  5 orc priests
  2 hounds
  A bullfrog skeleton (D:4)
  A gnoll shaman (D:4)
  2 jellies (D:7)
  9 orc wizards
  4 centaur skeletons
  4 iguanas
  7 worker ants
  A killer bee zombie (D:8)
  2 big kobold zombies (Ossuary)
  3 hound zombies (Ossuary)
  A hound skeleton (D:5)
  4 mummies
  A worker ant zombie (D:8)
  14 gnolls
  9 adders
  An ooze (D:6)
  2 adder skeletons
  7 adder zombies
  3 worms
  A dart slug (D:3)
  2 leopard geckos
  38 orcs
  4 bats
  3 giant cockroaches
  3 gnoll zombies (Ossuary)
  8 hobgoblins
  8 jackals
  3 quokkas
  A ball python skeleton (D:5)
  7 frilled lizards
  A giant cockroach zombie (D:6)
  4 goblins
  5 goblin zombies (Ossuary)
  4 hobgoblin zombies
  2 jackal zombies (Ossuary)
  6 kobolds
  4 kobold zombies (Ossuary)
  2 orc zombies
  A quokka skeleton (D:8)
  A quokka zombie (Ossuary)
  13 rats
  A rat zombie (Ossuary)
456 creatures vanquished.

Vanquished Creatures (others)
  A mana viper (Snake:1)
  A black mamba (Lair:4)
  6 fungi
  11 plants
19 creatures vanquished.

Grand Total: 475 creatures vanquished

Notes
Turn   | Place    | Note
-------+----------+-------------------------------------------
     0 | D:1      | Ponchio the Gargoyle Fighter began the quest for the Orb.
     0 | D:1      | Reached XP level 1. HP: 14/14 MP: 1/1
   115 | D:1      | Reached XP level 2. HP: 16/20 MP: 2/2
   452 | D:1      | Reached XP level 3. HP: 24/24 MP: 3/3
   469 | D:1      | Reached skill level 4 in Fighting
   914 | D:1      | Reached XP level 4. HP: 30/30 MP: 4/4
  1390 | D:2      | Found a burning altar of Makhleb.
  1402 | D:2      | Found a glowing golden altar of the Shining One.
  1409 | D:2      | Became a worshipper of the Shining One
  1548 | D:2      | Reached XP level 5. HP: 34/34 MP: 5/5
  1987 | D:3      | Reached skill level 5 in Fighting
  2270 | D:3      | Noticed a centaur
  2283 | D:3      | Killed a centaur
  2283 | D:3      | Reached XP level 6. HP: 36/40 MP: 6/6
  2617 | D:3      | Found a sparkling altar of Nemelex Xobeh.
  2764 | D:3      | Reached skill level 6 in Fighting
  3084 | D:4      | Reached skill level 5 in Maces & Flails
  3148 | D:4      | Reached XP level 7. HP: 47/47 MP: 7/7
  3246 | D:4      | Reached * piety under the Shining One
  3285 | D:4      | Found a sand-covered staircase.
  3293 | Ossuary  | Entered an ossuary
  3457 | Ossuary  | Reached ** piety under the Shining One
  3530 | Ossuary  | Reached skill level 7 in Fighting
  3559 | Ossuary  | Reached *** piety under the Shining One
  3640 | Ossuary  | Reached XP level 8. HP: 42/53 MP: 8/8
  3795 | D:4      | Found Cylo Bif's General Store.
  3997 | D:4      | Reached **** piety under the Shining One
  4014 | D:4      | Reached skill level 8 in Fighting
  4286 | D:4      | Found a sparkling altar of Nemelex Xobeh.
  4346 | D:5      | Entered Level 5 of the Dungeon
  4728 | D:5      | Found a staircase to the Ecumenical Temple.
  4740 | Temple   | Entered the Ecumenical Temple
  5660 | D:6      | Reached skill level 9 in Fighting
  5687 | D:6      | Noticed Grinder
  5693 | D:6      | Paralysed by Grinder for 2 turns
  5696 | D:6      | Killed Grinder
  5696 | D:6      | Reached XP level 9. HP: 44/61 MP: 9/9
  5867 | D:6      | Reached skill level 1 in Dodging
  5956 | D:6      | Found Pum Ymio's Assorted Antiques.
  6127 | D:7      | Found a shadowy altar of Dithmenos.
  6368 | D:7      | Reached skill level 5 in Armour
  6368 | D:7      | Reached skill level 5 in Shields
  6654 | D:7      | Reached XP level 10. HP: 66/66 MP: 10/10
  6742 | D:7      | Found Oluhas's Magic Scroll Emporium.
  7238 | D:8      | Reached skill level 5 in Dodging
  7636 | D:8      | Found a staircase to the Lair.
  7705 | Lair:1   | Entered Level 1 of the Lair of Beasts
  7710 | Lair:1   | Noticed a spiny frog
  7712 | Lair:1   | Noticed a black mamba
  7712 | Lair:1   | Reached ***** piety under the Shining One
  7730 | Lair:1   | Killed a black mamba
  8001 | D:8      | Killed a spiny frog
  8097 | Lair:1   | Noticed a five-headed hydra
  8109 | Lair:1   | Killed a five-headed hydra
  8540 | Lair:1   | Reached XP level 11. HP: 66/71 MP: 11/11
  8640 | Lair:1   | Found a stormy altar of Qazlal.
  8640 | Lair:1   | Noticed an oklob plant
  8792 | Lair:1   | Reached skill level 1 in Invocations
 11041 | Lair:2   | Reached skill level 10 in Fighting
 12120 | Lair:3   | Reached XP level 12. HP: 76/79 MP: 14/14
 12136 | Lair:3   | Found a staircase to the Shoals.
 12291 | Lair:3   | Reached skill level 11 in Fighting
 12625 | Lair:3   | Noticed a four-headed hydra
 12639 | Lair:3   | Killed a four-headed hydra
 12639 | Lair:3   | Reached skill level 10 in Maces & Flails
 12946 | Lair:3   | Got a slimy trident
 13318 | Lair:3   | Identified the +9 trident "Beetlebane" {vamp, MR+ Stlth+}
                  | (You found it on level 3 of the Lair of Beasts)
 13524 | Lair:4   | Found a staircase to the Snake Pit.
 13880 | Lair:4   | Reached skill level 12 in Fighting
 14429 | Lair:5   | Noticed a catoblepas
 14806 | Lair:5   | Killed a catoblepas
 15275 | Lair:4   | Reached XP level 13. HP: 57/87 MP: 15/15
 15277 | Lair:4   | Reached skill level 13 in Fighting
 15510 | Lair:5   | Found a staircase to the Slime Pits.
 16498 | Lair:6   | Entered Level 6 of the Lair of Beasts
 16757 | Lair:6   | Reached skill level 14 in Fighting
 17366 | Lair:6   | Found the +7 Singing Sword
 17431 | Lair:6   | Got a polished spear
 17433 | Lair:6   | Got an ichor-stained long sword
 17577 | Lair:5   | Gained mutation: Your large and strong wings let you fly
                  | indefinitely. [Gargoyle growth]
 17577 | Lair:5   | Reached XP level 14. HP: 34/96 MP: 8/16
 17594 | Lair:5   | Reached skill level 15 in Fighting
 18954 | Lair:6   | Identified the cursed +0 spear "Murmur" {venom, *Drain
                  | rPois rC+ SInv} (You found it on level 6 of the Lair of
                  | Beasts)
 18956 | Lair:6   | Identified the +1 long sword "Qupyiwn" {holy, rElec rC+
                  | Int+2 Dex+3} (You found it on level 6 of the Lair of
                  | Beasts)
 19048 | Shoals:1 | Entered Level 1 of the Shoals
 19192 | Slime:1  | Entered Level 1 of the Pits of Slime
 19251 | Snake:1  | Entered Level 1 of the Snake Pit
 19535 | Snake:1  | Reached skill level 1 in Long Blades
 21327 | Snake:1  | Reached skill level 16 in Fighting
 21331 | Snake:1  | HP: 3/100 [shock serpent (3)]
 21331 | Snake:1  | Slain by a shock serpent

Skill      XL: |  1  2  3  4  5  6  7  8  9 10 11 12 13 14 |
---------------+-------------------------------------------+-----
Fighting       | 4 5 6 7 9 10 12 14 16 | 16.0
Maces & Flails | 3 4 5 6 8 9 11 13 14 | 14.0
Dodging        | 4 6 7 8 9 |  9.0
Armour         | 5 7 8 |  8.8
Shields        | 5 7 8 |  8.7
Invocations    | 3 |  3.0
Long Blades    | 3 |  3.0

Action                   |  1- 3 |  4- 6 |  7- 9 | 10-12 | 13-15 || total
-------------------------+-------+-------+-------+-------+-------++-------
Melee: Flail             |    86 |   260 |   489 |   940 |   799 ||  2574
       Double sword      |       |       |       |       |    94 ||    94
Invok: Divine Shield     |       |       |       |     1 |       ||     1
 Abil: Fly               |       |       |       |       |     1 ||     1
  Use: Scroll            |       |     8 |    11 |     7 |     3 ||    29
       Potion            |       |       |     1 |     2 |     4 ||     7
  Eat: Chunk             |       |     7 |     9 |    15 |    13 ||    44
       Ration            |       |       |     1 |     4 |     3 ||     8
Armor: Scale mail        |    43 |   118 |       |       |       ||   161
       Ring mail         |       |    62 |   202 |   375 |   483 ||  1122
Dodge: Dodged            |    21 |    88 |   143 |   511 |   477 ||  1240
Block: Shield            |    42 |   156 |   190 |   559 |   512 ||  1459
       Rpst.: Double sword |       |       |       |       |    27 ||    27
